Map: Neon Violet Square LE

Players

Serral - Winner!

  • Race: Zerg Zerg
  • Spawn Location: 5:00

SpeCial

  • Race: Terran Terran
  • Spawn Location: 11:00

Event: WCS Leipzig 2018

VOD

Have the link to the VOD?

Description

Time

  • Played on: Jan. 28, 2018, 6:42 a.m.
  • Length: 18:05

All games in this series

Show
View Real Time Build Order
Export as new Build Order

Serral Zerg - Winner!

Build Orders: Hatch First 

Get SALT Encoding   

  12  0:00  Drone  
  13  0:12  Overlord  
  13  0:18  Drone  
  14  0:31  Drone x2  
  16  0:49  Hatchery  
  15  0:52  Drone  
  15  0:55  Drone  
  17  1:10  Spawning Pool  
  16  1:11  Extractor  
  16  1:14  Drone  
  16  1:18  Drone  
  17  1:23  Drone  
  18  1:29  Drone  
  19  1:38  Overlord  
  19  1:52  Drone  
  20  1:59  Queen  
  20  2:00  Zergling x2  
  20  2:01  Queen  
  23  2:02  Zergling x2  
  26  2:11  Metabolic Boost  
  26  2:13  Drone  
  27  2:15  Drone  
  28  2:34  Hatchery  
  27  2:41  Queen  
  29  2:44  Drone  
  29  2:47  Drone  
  31  2:53  Overlord  
  31  2:56  Drone  
  32  2:59  Drone  
  32  3:00  Drone  
  32  3:05  Overlord  
  34  3:08  Drone  
  34  3:10  Drone  
  34  3:12  Drone  
  37  3:19  Queen  
  39  3:22  Drone  
  39  3:24  Zergling x2  
  39  3:26  Zergling x2  
  42  3:28  Drone  
  42  3:30  Drone  
  44  3:37  Overlord  
  44  3:40  Drone  
  45  3:44  Drone x3  
  45  3:45  Drone  
  48  3:48  Overlord  
  48  3:56  Drone  
  48  3:57  Queen  
  51  4:05  Overlord  
  51  4:08  Zergling x2  
  54  4:11  Drone  
  54  4:12  Baneling Nest  
  54  4:13  Drone  
  54  4:16  Overlord  
  55  4:18  Drone  
  55  4:20  Zergling x2  
  55  4:21  Zergling x2  
  53  4:28  Zergling x4  
  53  4:31  Drone  
  51  4:33  Drone  
  51  4:34  Drone  
  53  4:40  Lair  
  53  4:41  Drone x2  
  53  4:42  Spore Crawler  
  53  4:44  Drone  
  53  4:45  Drone  
  54  4:47  Drone  
  54  4:52  Queen  
  55  4:54  Drone  
  55  4:57  Drone  
  59  5:00  Baneling x4  
  59  5:02  Drone  
  59  5:03  Drone  
  61  5:07  Overlord  
  61  5:11  Drone x2  
  62  5:16  Drone x2  
  62  5:20  Drone x2  
  59  5:23  Extractor  
  59  5:25  Drone x2  
  61  5:35  Drone x6  
  67  5:38  Overlord  
  67  5:42  Drone x2, Extractor x2  
  68  5:45  Extractor  
  68  5:46  Drone  
  68  5:47  Drone x2  
  69  5:51  Overlord  
  69  5:53  Zergling x4  
  72  5:57  Drone x2  
  72  6:00  Drone x4  
  77  6:06  Centrifical Hooks  
  77  6:07  Drone  
  78  6:15  Drone  
  78  6:16  Drone x4  
  83  6:24  Drone x2, Evolution Chamber x2  
  83  6:25  Zergling x10  
  88  6:32  Hatchery  
  87  6:35  Overseer  
  87  6:36  Extractor  
  87  6:38  Baneling x7  
  86  6:42  Drone x2  
  86  6:43  Zergling x6  
  91  6:50  Zergling x10  
  96  6:54  Zergling x10  
  96  6:59  Zerg Melee Weapons Level 1  
  96  7:01  Zerg Ground Armor Level 1  
  101  7:07  Overlord  
  101  7:10  Zergling x8  
  101  7:12  Baneling  
  101  7:13  Baneling x2  
  101  7:15  Drone x3  
  108  7:18  Hydralisk Den  
  107  7:23  Baneling x3  
  107  7:24  Drone x6  
  107  7:26  Baneling x4  
  112  7:31  Overlord  
  112  7:34  Overlord  
  112  7:38  Overlord  
  112  7:40  Baneling x3, Zergling x2  
  112  7:41  Zergling x4  
  108  7:50  Zergling x18  
  110  8:00  Zergling x8  
  110  8:03  Drone, Queen  
  117  8:06  Drone  
  117  8:10  Drone x4  
  119  8:15  Zergling x8  
  119  8:18  Baneling x2  
  118  8:20  Drone x5  
  118  8:23  Zergling x2  
  118  8:27  Zergling x4  
  126  8:36  Overlord  
  126  8:37  Pneumatized Carapace  
  126  8:38  Hydralisk x4, Muscular Augments  
  134  8:42  Hatchery  
  134  8:46  Hydralisk x4  
  134  8:47  Zergling x2  
  142  8:54  Zerg Melee Weapons Level 2  
  142  8:56  Extractor  
  142  9:00  Drone x3  
  142  9:01  Infestation Pit  
  136  9:05  Zergling x2, Hydralisk x6  
  149  9:11  Zergling x4  
  149  9:12  Overlord  
  151  9:20  Overlord  
  151  9:21  Overlord  
  151  9:29  Overlord x4  
  151  9:37  Zergling x6  
  151  9:38  Zergling x2, Hive  
  149  9:39  Zerg Ground Armor Level 2, Drone x2  
  149  9:41  Zergling x12  
  149  9:44  Zergling x2  
  158  9:48  Baneling x4  
  158  9:49  Zergling x10  
  162  9:55  Zergling x2  
  162  9:56  Zergling x16  
  162  9:57  Baneling x4  
  162  9:58  Baneling x2  
  171  10:04  Zergling x4  
  171  10:06  Zergling x12  
  172  10:09  Queen  
  172  10:11  Drone, Baneling x5  
  175  10:15  Zergling x10  
  178  10:31  Extractor  
  178  10:32  Drone x3  
  178  10:34  Spore Crawler  
  178  10:35  Drone x2, Spine Crawler  
  180  10:43  Hatchery  
  180  10:49  Viper x3  
  177  10:52  Zergling x30, Ultralisk Cavern  
  200  10:58  Baneling x14  
  200  11:00  Extractor  
  195  11:09  Zergling x22  
  182  11:12  Drone x2, Queen  
  182  11:13  Zergling x4  
  186  11:23  Drone x3  
  186  11:24  Drone x3  
  186  11:25  Drone x2  
  180  11:27  Zergling x10  
  184  11:38  Zergling x16  
  192  11:40  Chitinous Plating, Adrenal Glands  
  192  11:50  Ultralisk  
  196  11:57  Baneling x5  
  196  11:58  Baneling x15  
  193  12:04  Zergling x2  
  193  12:05  Zergling x14  
  197  12:16  Baneling x14  
  178  12:29  Zerg Missile Weapons Level 1  
  174  12:30  Ultralisk  
  174  12:34  Drone x3  
  181  12:39  Zergling x38  
  198  12:53  Spine Crawler  
  198  12:54  Spine Crawler  
  198  12:55  Zerg Ground Armor Level 3  
  196  13:01  Zergling x2  
  197  13:08  Baneling x11, Spire  
  195  13:12  Zergling x2  
  195  13:13  Zergling x10  
  192  13:27  Hatchery  
  166  13:39  Viper x2  
  165  13:41  Drone x2  
  165  13:42  Drone x5  
  165  13:43  Drone x3  
  165  13:44  Zergling x40  
  190  13:51  Drone x2  
  190  13:53  Zergling x4  
  191  14:07  Spore Crawler  
  191  14:08  Spine Crawler  
  189  14:17  Zergling x20  
  189  14:23  Drone x4  
  199  14:28  Zergling x2  
  199  14:31  Baneling x17  
  198  14:38  Zergling x8  
  197  14:47  Zergling x10  
  197  14:51  Zerg Missile Weapons Level 2  
  197  14:52  Zergling x10  
  191  15:00  Greater Spire  
  191  15:03  Overseer  
  191  15:04  Overseer  
  191  15:07  Zergling x36  
  177  15:11  Ultralisk  
  177  15:12  Ultralisk, Zergling x2  
  191  15:28  Drone x3  
  194  15:30  Drone x3  
  194  15:31  Baneling x6  
  194  15:32  Baneling x4  
  194  15:35  Zergling x6  
  200  15:47  Spine Crawler, Spore Crawler, Baneling  
  200  15:48  Spine Crawler  
  197  16:02  Baneling x17  
  197  16:03  Baneling x4  
  197  16:04  Zergling x6  
  199  16:06  Overseer  
  199  16:13  Extractor  
  175  16:28  Zergling x2  
  175  16:29  Zergling x48  
  188  16:34  Baneling x6  
  188  16:36  Zergling x32  
  195  16:42  Zergling x12  
  199  16:54  Baneling x13  
  198  16:59  Baneling x6  
  198  17:01  Zergling x6  
  200  17:06  Baneling x20  
  182  17:24  Zergling x48  
Show
View Real Time Build Order
Export as new Build Order

SpeCial Terran 

Build Orders: Liberator Opening, Bio Tank 

Get SALT Encoding   

  12  0:00  SCV  
  13  0:12  SCV  
  14  0:18  Supply Depot  
  14  0:24  SCV  
  15  0:29  Refinery  
  15  0:39  SCV  
  16  0:45  Barracks  
  16  0:51  SCV  
  17  1:03  SCV  
  18  1:16  SCV  
  20  1:32  Orbital Command, Reaper  
  20  1:44  Command Center  
  20  1:56  Factory  
  20  1:59  SCV  
  21  2:07  Barracks Reactor  
  21  2:11  SCV  
  21  2:15  Supply Depot  
  22  2:18  Refinery  
  22  2:24  SCV  
  23  2:36  SCV  
  24  2:44  Starport  
  24  2:48  SCV  
  24  2:49  Hellion x2  
  29  2:53  Marine  
  30  3:01  Orbital Command  
  30  3:02  SCV  
  31  3:14  SCV  
  31  3:16  Hellion x2  
  36  3:21  Medivac  
  38  3:28  SCV x2  
  40  3:36  Supply Depot  
  40  3:40  SCV  
  40  3:41  SCV  
  42  3:42  Liberator  
  42  3:44  Hellion x2  
  45  3:53  SCV  
  46  3:58  SCV  
  46  4:00  Supply Depot  
  50  4:05  SCV  
  51  4:10  SCV  
  51  4:11  Hellion  
  54  4:17  Armory  
  54  4:21  SCV  
  54  4:22  Hellion  
  58  4:24  SCV  
  58  4:33  Hellion  
  58  4:34  SCV, Supply Depot  
  58  4:36  SCV  
  62  4:40  Barracks Tech Lab  
  62  4:52  Command Center  
  62  4:55  SCV x2  
  66  5:00  Marine  
  66  5:01  Stimpack  
  67  5:07  SCV x2  
  67  5:10  Barracks  
  67  5:13  Barracks  
  65  5:17  Factory Reactor  
  65  5:18  Marine  
  65  5:19  SCV x2  
  56  5:26  Engineering Bay  
  56  5:28  Engineering Bay  
  56  5:31  Hellion, SCV x2  
  58  5:36  Refinery, Marine  
  58  5:37  Refinery  
  58  5:39  Starport Reactor  
  59  5:43  SCV  
  59  5:44  SCV  
  59  5:48  Supply Depot  
  61  5:54  Hellion x2, Marine  
  61  5:56  SCV  
  61  5:57  SCV  
  64  5:58  Terran Infantry Weapons Level 1  
  64  5:59  Terran Infantry Armor Level 1  
  64  6:00  Factory Tech Lab, Marine x2  
  64  6:01  Liberator  
  66  6:04  Orbital Command  
  66  6:07  Marine  
  66  6:08  Marine  
  66  6:10  SCV  
  66  6:11  SCV  
  70  6:12  Marine  
  70  6:17  Medivac  
  70  6:18  Marine x2  
  77  6:24  SCV x2  
  80  6:25  Marine x2  
  80  6:27  Orbital Command  
  80  6:28  Siege Tank  
  80  6:30  Marine  
  86  6:35  Marine x2  
  86  6:36  SCV x2  
  90  6:43  Marine x2, Barracks  
  90  6:46  Barracks  
  92  6:47  Marine  
  93  6:56  Supply Depot x2  
  93  6:58  SCV x2, Marine x2  
  93  7:00  Medivac  
  93  7:01  Marine x2  
  99  7:06  Combat Shields  
  101  7:17  SCV x3, Medivac, Marine x2  
  101  7:18  Siege Tank  
  101  7:19  Supply Depot  
  101  7:21  Supply Depot  
  111  7:24  Marine  
  111  7:29  Marine  
  116  7:30  SCV x3  
  116  7:35  Barracks Reactor x2  
  116  7:36  Marine  
  117  7:39  Supply Depot  
  117  7:40  Marine  
  117  7:41  Medivac  
  117  7:42  SCV x2  
  118  7:45  SCV  
  118  7:47  Medivac  
  109  7:54  SCV  
  109  7:55  SCV  
  109  7:56  Refinery  
  109  7:57  Refinery, SCV, Marine  
  109  7:58  Supply Depot, Marine x3  
  112  7:59  Marine  
  112  8:01  Siege Tank  
  119  8:06  SCV  
  117  8:13  Marine x2  
  117  8:14  Marine x2  
  117  8:15  Marine  
  117  8:16  SCV, Marine x2  
  122  8:21  Factory x2  
  122  8:23  Marine  
  122  8:24  Supply Depot, Marine  
  122  8:25  Terran Infantry Weapons Level 2  
  124  8:27  Terran Infantry Armor Level 2  
  124  8:31  Marine  
  124  8:33  Unknown x2  
  124  8:35  Marine x6  
  130  8:41  Supply Depot, Marine x2  
  130  8:44  Terran Vehicle Weapons Level 1  
  132  8:49  Marine  
  132  8:53  Marine x3  
  136  8:59  Command Center  
  136  9:01  Marine x3  
  136  9:02  Marine x2  
  138  9:07  Factory Tech Lab x2, Siege Tank, Marine  
  142  9:10  Marine  
  142  9:13  Marine x2  
  145  9:19  Medivac x2, Marine x2  
  145  9:21  Marine x2  
  145  9:22  Marine  
  154  9:26  Marine  
  154  9:28  Supply Depot  
  154  9:30  Marine  
  155  9:32  Marine  
  155  9:34  Liberator x2, Marine  
  155  9:37  Marine x2  
  152  9:39  Siege Tank x2, Marine x2  
  152  9:40  Marine  
  152  9:43  Sensor Tower  
  152  9:44  Siege Tank  
  170  9:53  Marine x2  
  170  9:55  Unknown  
  170  9:57  Marine  
  173  10:01  Marine x2  
  173  10:02  Marauder  
  173  10:03  Marine x2  
  173  10:05  Marine  
  171  10:11  Siege Tank x2  
  177  10:14  Marine x2  
  175  10:28  Marine  
  175  10:29  Marine x2  
  175  10:31  Siege Tank, Marine  
  175  10:32  Marine  
  175  10:33  Marine  
  175  10:34  Marine x2, Marauder  
  186  10:46  Terran Infantry Weapons Level 3, Marine x2  
  188  10:52  Terran Infantry Armor Level 3  
  188  10:59  Barracks  
  188  11:02  Barracks  
  188  11:06  Marine x3  
  188  11:07  Siege Tank  
  188  11:09  Marine x2  
  188  11:10  Marauder  
  183  11:12  Siege Tank x2  
  183  11:13  Marine  
  183  11:16  Planetary Fortress  
  188  11:23  Marine  
  188  11:36  Terran Vehicle Weapons Level 2  
  188  11:43  Ghost Academy  
  188  11:46  Marine  
  188  11:47  Marine x2  
  188  11:49  Marine x3  
  188  11:56  Liberator  
  188  12:02  Sensor Tower  
  188  12:03  Liberator  
  188  12:06  Siege Tank  
  188  12:10  Marine  
  188  12:11  Marauder, Marine  
  161  12:27  Marine x3  
  161  12:28  Marine  
  131  12:31  Siege Tank x2, Marine  
  131  12:32  Marine x3, Marauder  
  131  12:35  Moebius Reactor, Barracks Tech Lab x2  
  134  12:38  Command Center  
  134  12:41  Siege Tank  
  134  12:44  Marine x2  
  134  12:45  SCV x3, Marine x2  
  134  12:47  SCV  
  134  12:49  Marine  
  134  12:50  Marine  
  144  12:52  Refinery  
  144  12:54  Marauder, Marine x2  
  144  12:55  Marine, Marauder  
  150  13:02  Marine  
  150  13:03  Marine  
  150  13:04  Marine  
  150  13:05  Marine  
  154  13:07  Siege Tank  
  154  13:13  Marauder  
  154  13:15  Marauder  
  154  13:16  Marauder, Marine  
  154  13:19  Marine  
  162  13:30  Siege Tank  
  154  13:34  Marauder  
  154  13:36  Marauder  
  154  13:37  Marine x2  
  154  13:38  Marauder  
  154  13:39  Marine  
  152  13:44  SCV x3  
  152  13:49  Siege Tank  
  152  13:50  Siege Tank  
  156  13:59  Ghost x3, Marine  
  156  14:00  Marine x4  
  156  14:02  SCV x3  
  158  14:03  SCV  
  158  14:05  Refinery, Marine  
  158  14:06  Supply Depot, Marine x2  
  161  14:17  Marine x2  
  161  14:20  Marine x2  
  165  14:26  Siege Tank  
  165  14:27  Ghost x2  
  165  14:28  Marauder  
  171  14:35  Marine x2  
  171  14:36  Marine  
  174  14:41  Marine x2  
  168  14:46  Marine x2  
  168  14:49  Ghost  
  168  14:50  Siege Tank  
  168  14:51  Marine  
  173  14:53  Marine x2  
  173  14:55  SCV  
  173  14:56  Ghost  
  173  14:57  Marauder  
  171  15:02  Siege Tank  
  135  15:08  Marine x2  
  135  15:13  Medivac  
  118  15:18  Marauder x2  
  118  15:19  Marine x5  
  118  15:20  Marine  
  121  15:25  Marauder  
  121  15:26  Marine  
  124  15:29  Planetary Fortress  
  124  15:30  Marine  
  124  15:31  SCV x2  
  126  15:37  Marine x6  
  126  15:39  Marauder  
  126  15:40  Marauder  
  136  15:44  Marine  
  136  15:46  Siege Tank, Marauder  
  136  15:47  Marine  
  142  15:52  Unknown  
  142  15:53  Unknown, Siege Tank  
  142  15:55  SCV x2, Marine x6  
  147  16:01  Marauder x2  
  147  16:03  Refinery  
  139  16:04  Refinery  
  139  16:05  Medivac x2  
  139  16:08  Marauder  
  145  16:13  Marine x5  
  145  16:15  Siege Tank  
  152  16:20  Marine  
  152  16:22  Marauder x2  
  134  16:27  Marine  
  134  16:29  Marine, Marauder  
  134  16:31  Marine  
  139  16:35  Medivac  
  139  16:38  SCV  
  136  16:44  Marauder x2  
  136  16:45  Marine  
  139  16:50  Marine, Ghost  
  139  16:52  Marine  
  142  16:56  SCV  
  142  16:58  SCV, Supply Depot, Marine  
  145  17:04  Ghost  
  145  17:05  Marauder  
  145  17:06  Marine  
  148  17:19  Marauder  
  148  17:20  Siege Tank x2  
  138  17:25  Marine  
  138  17:26  Ghost, Marine  
  138  17:27  Marine  
  131  17:34  Marauder  
  92  17:41  Marauder  
Tags
 
Add a new tag
Caveats
  • Supply blocks, unpowered buildings, or Contaminate may cause inaccurate times.
  • Supply counts are checked every 10 seconds.